 Dungeon Crawl Stone Soup version 0.32-a0-791-gfc315c9ecd (webtiles) character file.

Game seed: 2164819161191875872

23 sh4w the Grave Robber (level 2, -1/20 HPs)
             Began as a Human Necromancer on Mar 20, 2024.
             Slain by an adder (4 damage)
             ... on level 2 of the Dungeon.
             The game lasted 00:12:40 (586 turns).

sh4w the Grave Robber (Human Necromancer)            Turns: 586, Time: 00:12:41

Health: -1/20      AC:  2    Str:  8    XL:     2   Next: 95%
Magic:  0/5        EV: 11    Int: 15    God:
Gold:   56         SH:  0    Dex: 13    Spells: 3/5 levels left

rFire   . . .        n - +0 short sword
rCold   . . .        (no shield)
rNeg    . . .        a - +0 robe
rPois   .            (no helmet)
rElec   .            (no cloak)
rCorr   .            (no gloves)
SInv    .            (no boots)
Will    .....        f - amulet of guardian spirit
Stlth   ++           i - ring of wizardry
HPRegen 0.23/turn    (no ring)
MPRegen 0.09/turn

%: guardian spirit, wizardry (x1)
@: lethally poisoned (-1 -> -5)
A: explore regen
a: no special abilities


You were on level 2 of the Dungeon.
You visited 1 branch of the dungeon, and saw 2 of its levels.

You collected 56 gold pieces.

Inventory:

Hand Weapons
 b - a +0 club
 d - a +0 dagger
 m - a +0 dagger
 n - a +0 short sword (weapon)
 p - a +0 hand axe
Missiles
 e - 11 stones
Armour
 a - a +0 robe (worn)
Jewellery
 f - an amulet of guardian spirit (around neck)
 i - a ring of wizardry (left hand)
Talismans
 g - a maw talisman
Scrolls
 c - a scroll of teleportation {unknown}
 j - 2 scrolls of identify {unknown}
 o - a scroll of fear {unknown}
Potions
 h - a potion of attraction {unknown}
 k - a potion of brilliance {unknown}
 l - a potion of heal wounds {unknown}


   Skills:
 + Level 0.6 Fighting
 + Level 0.6 Short Blades
 + Level 2.0 Dodging
 + Level 2.0 Stealth
 + Level 0.4 Unarmed Combat
 + Level 2.1 Spellcasting
 + Level 4.4 Necromancy


You had 3 spell levels left.
You knew the following spells:

 Your Spells              Type           Power      Damage    Failure   Level
a - Necrotise             Necr           56%        1d6       1%          1
b - Magic Dart            Conj           4%         1d3       9%          1

Your spell library contained the following spells:

 Spells                   Type           Power      Damage    Failure   Level
 Vampiric Draining        Necr           14%        2d7       4%          3
 Sandblast                Erth           2%         2d4       9%          1
 Blink                    Tloc           2%         N/A       13%         2
 Call Imp                 Summ           2%         N/A       13%         2
 Stone Arrow              Conj/Erth      2%         3d7       26%         3
 Animate Dead             Necr           14%        N/A       14%         4
 Curse of Agony           Necr           14%        N/A       36%         5
 Brom's Barrelling Bould  Conj/Erth      1%         2d3       61%         4
 Vhi's Electric Charge    Tloc/Air       2%         N/A       61%         4
 Arcjolt                  Conj/Air       0%         1d10      91%         5
 Plasma Beam              Fire/Air       0%         2x1d10    100%        6


Dungeon Overview and Level Annotations

Branches:
Dungeon (2/15)

Altars:


Innate Abilities, Weirdness & Mutations

You regain HP and MP as you explore.


Message History

You are poisoned.
The adder poisons you!
Aiming: Magic Dart (safe; 9% risk of failure)
Press: ? - help, Q - select action, (/) - cycle Shift-Dir - straight line, f/p - adder
Aim: an adder (moderately wounded, 100% to hit)
The magic dart hits the adder.
The adder is heavily wounded.
You feel sick. The adder closely misses you. The adder bites you.
You hit the adder but do no damage.
The adder is heavily wounded.
You feel sick. The adder bites you.
You are more poisoned.
The adder poisons you!
You hit the adder.
The adder is heavily wounded.
You feel sick. The adder misses you. The endoplasm freezes you.
You are frozen.
You miss the adder.
The adder is heavily wounded.
You feel sick. The adder bites you but does no damage.
The endoplasm barely misses you.
You hit the adder.
The adder is almost dead.
You feel sick. The adder barely misses you. The endoplasm freezes you.
You are frozen.
The adder bites you.
* * * LOW HITPOINT WARNING * * *
You are lethally poisoned!
The adder poisons you!
You closely miss the adder.
The adder is almost dead.
* * * LOW HITPOINT WARNING * * *
You feel sick. The adder closely misses you. The endoplasm hits you.
* * * LOW HITPOINT WARNING * * *
You miss the adder.
The adder is almost dead.
* * * LOW HITPOINT WARNING * * *
You feel sick. The adder bites you.
You die...

....######
.........# #.#
.........#### #.#
............# #.###
.........##.# #...
.###.....##.####..#
..#######.....##..#
#..# #.....##SJ#
...#### #.....##@.#
......#####.......#
....#..## ######.##
........## #.#
##.......# #.#
#.......## #.#
#........## ##.#
#......#..###...#
#.......††....###


You could see an adder and an endoplasm.

Vanquished Creatures
  A dart slug (D:1)
  3 ball pythons (D:1)
  4 endoplasms
  A giant cockroach (D:2)
  A goblin (D:1)
  A hobgoblin (D:1)
  3 bats
  2 frilled lizards
  A kobold (D:1)
  A rat (D:1)
18 creatures vanquished.

Vanquished Creatures (collateral kills)
  An endoplasm (D:1)
1 creature vanquished.

Vanquished Creatures (others)
  A ball python (D:1)
1 creature vanquished.

Grand Total: 20 creatures vanquished

Notes
Turn   | Place    | Note
-------+----------+-------------------------------------------
     0 | D:1      | sh4w the Human Necromancer began the quest for the Orb.
     0 | D:1      | Reached XP level 1. HP: 13/13 MP: 3/3
   143 | D:1      | Reached XP level 2. HP: 14/19 MP: 1/5
   461 | D:2      | Learned a level 1 spell: Magic Dart
   586 | D:2      | Slain by an adder

Illustrated notes

Levels and vault maps discovered:
D:1:      minmay_arrival_wavy_path, layout_basic
D:2:      layout_basic

Action                     || total
---------------------------++-------
  Melee: Unarmed           ||    14
         Dagger            ||    16
         Punch             ||     1
         Short sword       ||    27
   Cast: Necrotise         ||    22
         Magic Dart        ||    10
    Use: Potion            ||     1
 Armour: Robe              ||    50
  Dodge: Dodged            ||    63

Table legend: (Time is in decaauts)
 A = Elapsed time spent in this place.
 B = Non-inter-level travel time spent in this place.
 C = Inter-level travel time spent in this place.
 D = Time resting spent in this place.
 E = Time spent auto-exploring this place.
 F = Levels seen in this place.
 G = Mean time per level.
                   A        B        C        D        E       F      G
               +--------+--------+--------+--------+--------+-----+--------+
         Total |    583 |    209 |    374 |      0 |      0 |   2 |  291.5 |
       Dungeon |    583 |    209 |    374 |      0 |      0 |   2 |  291.5 |
               +--------+--------+--------+--------+--------+-----+--------+

Top non-repeatable levels by time:
     D:1: 451 daAuts
     D:2: 132 daAuts
